| TOP OF THE 1ST |
|
Rome Braves batting - Pitching for Batavia Muckdogs : RHP Cesar Jimenez
|
|
Pitching: RHP Cesar Jimenez
|
|
|
Batting: RHB Carlos Livas
|
0-0: Swinging Strike 0-1: Called Strike 0-2: Ball 1-2: Ball 2-2: SINGLE (Groundball, 6D, EV 96.2 MPH)
|
|
Batting: RHB Dave Pizarro
|
0-0: Foul Ball, location: 2F 0-1: Called Strike Carlos Livas steals 2nd base 0-2: SINGLE (Groundball, 6MD, EV 101.2 MPH) Carlos Livas to third
|
|
Batting: RHB Tony Cabrera
|
0-0: Ball Passed Ball! Carlos Livas scores Dave Pizarro to second 1-0: Fly out, F9 (Flyball, 89D, EV 96.9 MPH) Runner from 2nd tags up, SAFE at 3rd, no throw by RF
|
|
Batting: LHB Mitsujiro Tanaka
|
0-0: SINGLE (Groundball, 23, EV 63.8 MPH) (infield hit)
|
|
Batting: RHB Gebre-Giorgios Wangondu
|
0-0: Called Strike 0-1: Ball 1-1: Ball 2-1: Swinging Strike 2-2: Ball 3-2: Grounds into double play, 5-4-3 (Groundball, 56, EV 91.2 MPH)
|
| Top of the 1st over - 1 run, 3 hits, 0 errors, 1 left on base; Rome 1 - Batavia 0 |
| BOTTOM OF THE 1ST |
|
Batavia Muckdogs batting - Pitching for Rome Braves : RHP Javy Hernandez
|
|
Pitching: RHP Javy Hernandez
|
|
|
Batting: RHB Jeremy Dennis
|
0-0: Foul Ball, location: 2F 0-1: Foul Ball, location: 2F 0-2: Strikes out swinging, 2-3 out at first.
|
|
Batting: RHB Rick English
|
0-0: Ball 1-0: Ball 2-0: Called Strike 2-1: Ball 3-1: Base on Balls
|
|
Batting: SHB Justin Corbett
|
0-0: Ball 1-0: Foul Ball, location: 2F 1-1: Grounds into double play, 4-6-3 (Groundball, 34, EV 110.0 MPH)
|
| Bottom of the 1st over - 0 runs, 0 hits, 0 errors, 0 left on base; Rome 1 - Batavia 0 |
| TOP OF THE 2ND |
|
Rome Braves batting - Pitching for Batavia Muckdogs : RHP Cesar Jimenez
|
|
Batting: RHB Yutaka Yamane
|
0-0: Called Strike 0-1: Foul Ball, location: 2F 0-2: Ground out 5-3 (Groundball, 56, EV 105.0 MPH)
|
|
Batting: LHB Jason Herr
|
0-0: Fly out, F5 (Popup, 25, EV 80.6 MPH)
|
|
Batting: LHB Ivan Castillo
|
0-0: Called Strike 0-1: Ball 1-1: Swinging Strike 1-2: Ball 2-2: Ground out 3-1 (Groundball, 34, EV 87.5 MPH)
|
| Top of the 2nd over - 0 runs, 0 hits, 0 errors, 0 left on base; Rome 1 - Batavia 0 |
| BOTTOM OF THE 2ND |
|
Batavia Muckdogs batting - Pitching for Rome Braves : RHP Javy Hernandez
|
|
Batting: LHB Danny Treto
|
0-0: Foul Ball, location: 2F 0-1: Foul Ball, location: 2F 0-2: Fly out, F8 (Flyball, 8RM, EV 91.9 MPH)
|
|
Batting: RHB Andy Kelly
|
0-0: Swinging Strike 0-1: Swinging Strike 0-2: Foul Ball, location: 2F 0-2: Strikes out swinging
|
|
Batting: RHB George Boivin
|
0-0: Foul Ball, location: 2F 0-1: Foul Ball, location: 2F 0-2: Foul Ball, location: 2F 0-2: Ball 1-2: Ground out 6-3 (Groundball, 6, EV 94.4 MPH)
|
| Bottom of the 2nd over - 0 runs, 0 hits, 0 errors, 0 left on base; Rome 1 - Batavia 0 |
| TOP OF THE 3RD |
|
Rome Braves batting - Pitching for Batavia Muckdogs : RHP Cesar Jimenez
|
|
Batting: RHB Mike Bergin
|
0-0: Foul Ball, location: 2F 0-1: Ground out 4-3 (Groundball, 13, EV 84.4 MPH)
|
|
Batting: RHB Carlos Livas
|
0-0: Ball 1-0: Ball 2-0: Ball 3-0: Called Strike 3-1: Called Strike 3-2: Base on Balls
|
|
Batting: RHB Dave Pizarro
|
0-0: Called Strike 0-1: Ball Carlos Livas steals 2nd base 1-1: Foul Ball, location: 2F 1-2: Ball Wild Pitch! Carlos Livas to third 2-2: Ball 3-2: Foul Ball, location: 2F 3-2: SINGLE (Groundball, 56S, EV 69.4 MPH) (infield hit) Carlos Livas scores
|
|
Batting: RHB Tony Cabrera
|
0-0: Called Strike 0-1: Swinging Strike Dave Pizarro steals 2nd, throwing error, E2 Dave Pizarro to third 0-2: Ball 1-2: Fly out, F8 (Flyball, 78D, EV 88.8 MPH) Runner from 3rd tags up, SCORES, throw by CF
|
|
Batting: LHB Mitsujiro Tanaka
|
0-0: Swinging Strike 0-1: Foul Ball, location: 2F 0-2: Strikes out swinging
|
| Top of the 3rd over - 2 runs, 1 hit, 1 error, 0 left on base; Rome 3 - Batavia 0 |
| BOTTOM OF THE 3RD |
|
Batavia Muckdogs batting - Pitching for Rome Braves : RHP Javy Hernandez
|
|
Batting: RHB Jim Fisher
|
0-0: Called Strike 0-1: Ball 1-1: SINGLE (Groundball, 4MD, EV 98.1 MPH)
|
|
Batting: RHB Jason Thrash
|
0-0: Foul Ball, location: 2F 0-1: Fly out, F8 (Flyball, 8LXD, EV 102.5 MPH)
|
|
Batting: RHB Hiromitsu Yamada
|
0-0: Ball 1-0: Called Strike 1-1: Called Strike 1-2: Ball 2-2: Fielders Choice at 2nd, 6-4 (Groundball, 6, EV 103.1 MPH)
|
|
Batting: RHB Jeremy Dennis
|
0-0: Called Strike 0-1: Ball 1-1: Ball 2-1: Foul Ball, location: 2F 2-2: Ball 3-2: Strikes out swinging
|
| Bottom of the 3rd over - 0 runs, 1 hit, 0 errors, 1 left on base; Rome 3 - Batavia 0 |
| TOP OF THE 4TH |
|
Rome Braves batting - Pitching for Batavia Muckdogs : RHP Cesar Jimenez
|
|
Batting: RHB Gebre-Giorgios Wangondu
|
0-0: Ball 1-0: Swinging Strike 1-1: Ground out 4-3 (Groundball, 34, EV 84.4 MPH)
|
|
Batting: RHB Yutaka Yamane
|
0-0: Ball 1-0: SINGLE (Groundball, 4MD, EV 105.0 MPH)
|
|
Batting: LHB Jason Herr
|
0-0: Ball Yutaka Yamane steals 2nd base 1-0: 2-RUN HOME RUN (Flyball, 9D, EV 105.0 MPH), Distance : 403 ft
|
|
Pitching: LHP Brad Harris
|
|
|
Batting: LHB Ivan Castillo
|
0-0: Ball 1-0: Ball 2-0: Foul Ball, location: 2F 2-1: Foul Ball, location: 2F 2-2: Strikes out swinging
|
|
Batting: RHB Mike Bergin
|
0-0: Ball 1-0: Ball 2-0: Ball 3-0: Called Strike 3-1: Base on Balls
|
|
Batting: RHB Carlos Livas
|
0-0: Ball 1-0: Ball 2-0: Ball 3-0: Base on Balls Mike Bergin to second
|
|
Batting: RHB Dave Pizarro
|
0-0: Foul Ball, location: 2F 0-1: Hit by Pitch Mike Bergin to third Carlos Livas to second
|
|
Batting: RHB Tony Cabrera
|
0-0: Ball 1-0: Fly out, F8 (Flyball, 78S, EV 93.8 MPH)
|
| Top of the 4th over - 2 runs, 2 hits, 0 errors, 3 left on base; Rome 5 - Batavia 0 |
| BOTTOM OF THE 4TH |
|
Batavia Muckdogs batting - Pitching for Rome Braves : RHP Javy Hernandez
|
|
Batting: RHB Rick English
|
0-0: Ground out 6-3 (Groundball, P, EV 76.9 MPH)
|
|
Batting: SHB Justin Corbett
|
0-0: Called Strike 0-1: Swinging Strike 0-2: Ball 1-2: Ball 2-2: Ground out 3-1 (Groundball, 34, EV 105.6 MPH)
|
|
Batting: LHB Danny Treto
|
0-0: Foul Ball, location: 2F 0-1: Foul Ball, location: 2F 0-2: Fly out, F8 (Flyball, 8RD, EV 88.8 MPH)
|
| Bottom of the 4th over - 0 runs, 0 hits, 0 errors, 0 left on base; Rome 5 - Batavia 0 |
| TOP OF THE 5TH |
|
Rome Braves batting - Pitching for Batavia Muckdogs : LHP Brad Harris
|
|
Batting: LHB Mitsujiro Tanaka
|
0-0: SOLO HOME RUN (Flyball, 7LD, EV 96.9 MPH), Distance : 369 ft
|
|
Batting: RHB Gebre-Giorgios Wangondu
|
0-0: Ball 1-0: Ball 2-0: Foul Ball, location: 2F 2-1: Foul Ball, location: 2F 2-2: Foul Ball, location: 2F 2-2: Ball 3-2: Foul Ball, location: 2F 3-2: Foul Ball, location: 2F 3-2: Base on Balls
|
|
Batting: RHB Yutaka Yamane
|
0-0: Foul Ball, location: 2F 0-1: Foul Ball, location: 2F 0-2: Ball 1-2: Strikes out swinging
|
|
Batting: LHB Jason Herr
|
0-0: Grounds into double play, 4-6-3 (Groundball, 4, EV 86.9 MPH)
|
| Top of the 5th over - 1 run, 1 hit, 0 errors, 0 left on base; Rome 6 - Batavia 0 |
| BOTTOM OF THE 5TH |
|
Batavia Muckdogs batting - Pitching for Rome Braves : RHP Javy Hernandez
|
|
Batting: RHB Andy Kelly
|
0-0: Ball 1-0: Ball 2-0: Fly out, F7 (Flyball, 7D, EV 90.6 MPH)
|
|
Batting: RHB George Boivin
|
0-0: Ball 1-0: Swinging Strike 1-1: SINGLE (Line Drive, 8LS, EV 105.0 MPH)
|
|
Batting: RHB Jim Fisher
|
0-0: Ball 1-0: Ball Balk! George Boivin to second 2-0: Ball 3-0: Base on Balls
|
|
Batting: RHB Jason Thrash
|
0-0: Called Strike 0-1: Swinging Strike 0-2: Foul Ball, location: 2F 0-2: Ball 1-2: Grounds into double play, 5-4-3 (Groundball, 56S, EV 79.4 MPH)
|
| Bottom of the 5th over - 0 runs, 1 hit, 0 errors, 1 left on base; Rome 6 - Batavia 0 |
| TOP OF THE 6TH |
|
Rome Braves batting - Pitching for Batavia Muckdogs : LHP Brad Harris
|
|
Batting: LHB Ivan Castillo
|
0-0: Called Strike 0-1: SINGLE (Groundball, 4M, EV 101.2 MPH) (infield hit)
|
|
Batting: RHB Mike Bergin
|
0-0: Ball 1-0: Swinging Strike 1-1: Foul Ball, location: 2F 1-2: Strikes out looking
|
|
Batting: RHB Carlos Livas
|
0-0: Fielders Choice at 2nd, 2-4 (Groundball, 15S, EV 71.9 MPH)
|
|
Batting: RHB Dave Pizarro
|
0-0: Ball Carlos Livas steals 2nd base 1-0: Called Strike 1-1: Ball 2-1: Called Strike Carlos Livas steals 3rd, throwing error, E2 Carlos Livas scores 2-2: Strikes out swinging
|
| Top of the 6th over - 1 run, 1 hit, 1 error, 0 left on base; Rome 7 - Batavia 0 |
| BOTTOM OF THE 6TH |
|
Batavia Muckdogs batting - Pitching for Rome Braves : RHP Javy Hernandez
|
|
Batting: RHB Hiromitsu Yamada
|
0-0: Called Strike 0-1: Ball 1-1: Swinging Strike 1-2: Strikes out swinging
|
|
Batting: RHB Jeremy Dennis
|
0-0: Called Strike 0-1: Ball 1-1: Ball 2-1: Ball 3-1: SINGLE (Groundball, 34D, EV 103.1 MPH)
|
|
Batting: RHB Rick English
|
0-0: Grounds into double play, 6-4-3 (Groundball, 6, EV 83.1 MPH)
|
| Bottom of the 6th over - 0 runs, 1 hit, 0 errors, 0 left on base; Rome 7 - Batavia 0 |
| TOP OF THE 7TH |
|
Rome Braves batting - Pitching for Batavia Muckdogs : LHP Brad Harris
|
|
Batting: RHB Tony Cabrera
|
0-0: Ball 1-0: Called Strike 1-1: Reached on error, E6 (Groundball, 6, EV 100.6 MPH)
|
|
Pitching: RHP Victor Delgado
|
|
|
Batting: LHB Mitsujiro Tanaka
|
0-0: Ball 1-0: Called Strike 1-1: Ball 2-1: Called Strike 2-2: Fly out, F6 (Line Drive, 6D, EV 68.1 MPH)
|
|
Batting: RHB Gebre-Giorgios Wangondu
|
0-0: Foul Ball, location: 2F 0-1: Ball Wild Pitch! Tony Cabrera to third 1-1: Ground out U3 (Groundball, 3S, EV 83.8 MPH)
|
|
Batting: RHB Yutaka Yamane
|
0-0: Ball 1-0: Ball Wild Pitch! Tony Cabrera scores 2-0: Foul Ball, location: 2F 2-1: Ball 3-1: Ground out 6-3 (Groundball, 56, EV 80.6 MPH)
|
| Top of the 7th over - 1 run, 0 hits, 1 error, 0 left on base; Rome 8 - Batavia 0 |
| BOTTOM OF THE 7TH |
|
Batavia Muckdogs batting - Pitching for Rome Braves : RHP Javy Hernandez
|
|
Batting: SHB Justin Corbett
|
0-0: DOUBLE (Line Drive, 9LM, EV 93.1 MPH)
|
|
Batting: LHB Danny Treto
|
0-0: Ground out 4-3 (Groundball, 4, EV 89.4 MPH) Justin Corbett to third
|
|
Batting: RHB Andy Kelly
|
0-0: Ball 1-0: Foul Ball, location: 2F 1-1: Ball 2-1: Swinging Strike 2-2: Foul Ball, location: 2F 2-2: Fly out, F7 (Flyball, 7, EV 88.8 MPH)
|
|
Pinch Hitting: RHB Junro Kato
|
0-0: Foul Ball, location: 2F 0-1: Ball 1-1: Fly out, F7 (Flyball, 7, EV 75.6 MPH)
|
| Bottom of the 7th over - 0 runs, 1 hit, 0 errors, 1 left on base; Rome 8 - Batavia 0 |
| TOP OF THE 8TH |
|
Rome Braves batting - Pitching for Batavia Muckdogs : RHP Victor Delgado
|
|
Now in RF: Junro Kato
|
|
|
Batting: LHB Jason Herr
|
0-0: Ball 1-0: Ball 2-0: Foul Ball, location: 2F 2-1: Swinging Strike 2-2: Strikes out swinging
|
|
Batting: LHB Ivan Castillo
|
0-0: Ball 1-0: Called Strike 1-1: Ball 2-1: SINGLE (Groundball, 13S, EV 72.5 MPH) (infield hit)
|
|
Batting: RHB Mike Bergin
|
0-0: Ball 1-0: Fly out, F4 (Popup, 34D, EV 63.8 MPH)
|
|
Batting: RHB Carlos Livas
|
0-0: Called Strike 0-1: Ball 1-1: Ball 2-1: Ball 3-1: Base on Balls Ivan Castillo to second
|
|
Pitching: RHP Glen Patterson
|
|
|
Batting: RHB Dave Pizarro
|
0-0: Ball Wild Pitch! Ivan Castillo to third Carlos Livas to second 1-0: Ball 2-0: Foul Ball, location: 2F 2-1: Swinging Strike 2-2: Strikes out swinging
|
| Top of the 8th over - 0 runs, 1 hit, 0 errors, 2 left on base; Rome 8 - Batavia 0 |
| BOTTOM OF THE 8TH |
|
Batavia Muckdogs batting - Pitching for Rome Braves : RHP Javy Hernandez
|
|
Batting: RHB Jim Fisher
|
0-0: Ball 1-0: Called Strike 1-1: Fly out, F8 (Flyball, 8LS, EV 78.1 MPH)
|
|
Batting: RHB Jason Thrash
|
0-0: Called Strike 0-1: Ball 1-1: Ball 2-1: Ground out 1-3 (Groundball, 13S, EV 71.2 MPH)
|
|
Batting: RHB Hiromitsu Yamada
|
0-0: Ball 1-0: Foul Ball, location: 2F 1-1: Hit by Pitch
|
|
Batting: RHB Jeremy Dennis
|
0-0: Called Strike 0-1: Foul Ball, location: 2F 0-2: Ball 1-2: Fielders Choice at 2nd, 6-4 (Groundball, 6, EV 85.6 MPH)
|
| Bottom of the 8th over - 0 runs, 0 hits, 0 errors, 1 left on base; Rome 8 - Batavia 0 |
| TOP OF THE 9TH |
|
Rome Braves batting - Pitching for Batavia Muckdogs : RHP Glen Patterson
|
|
Batting: RHB Tony Cabrera
|
0-0: Ball 1-0: Ground out 6-3 (Groundball, 6M, EV 103.8 MPH)
|
|
Batting: LHB Mitsujiro Tanaka
|
0-0: Ball 1-0: Swinging Strike 1-1: SINGLE (Groundball, 4MD, EV 100.6 MPH) (infield hit)
|
|
Batting: RHB Gebre-Giorgios Wangondu
|
0-0: Ball 1-0: Swinging Strike 1-1: Ball 2-1: Ball 3-1: Swinging Strike 3-2: Strikes out swinging Mitsujiro Tanaka steals 2nd base Batter strikes out.
|
|
Batting: RHB Yutaka Yamane
|
0-0: Foul Ball, location: 2F 0-1: Swinging Strike 0-2: Foul Ball, location: 2F 0-2: Ball 1-2: Strikes out swinging
|
| Top of the 9th over - 0 runs, 1 hit, 0 errors, 1 left on base; Rome 8 - Batavia 0 |
| BOTTOM OF THE 9TH |
|
Batavia Muckdogs batting - Pitching for Rome Braves : RHP Javy Hernandez
|
|
Batting: RHB Rick English
|
0-0: Called Strike 0-1: Ball 1-1: Ball 2-1: Fly out, F8 (Line Drive, 89D, EV 107.5 MPH)
|
|
Batting: SHB Justin Corbett
|
0-0: Ball 1-0: Called Strike 1-1: Foul Ball, location: 2F 1-2: Ball 2-2: Strikes out looking
|
|
Batting: LHB Danny Treto
|
0-0: Foul Ball, location: 2F 0-1: Ground out 4-3 (Groundball, 4, EV 103.8 MPH)
|
| Bottom of the 9th over - 0 runs, 0 hits, 0 errors, 0 left on base; Rome 8 - Batavia 0 |
|